 Dungeon Crawl Stone Soup version 0.29.1-15-g9cfb28693d (webtiles) character file.

Game seed: 1147223336789400466

722 4FPSwarrior the Vexing (level 7, -2/36 HPs)
             Began as a Vine Stalker Enchanter on Mar 5, 2023.
             Was a Follower of Fedhas.
             Succumbed to a water moccasin's poison
             ... on level 5 of the Dungeon.
             The game lasted 00:20:17 (7318 turns).

4FPSwarrior the Vexing (Vine Stalker Enchanter)     Turns: 7318, Time: 00:20:18

Health: -2/36      AC:  2    Str: 10    XL:     7   Next: 71%
Magic:  4/14       EV: 12    Int: 23    God:    Fedhas [*.....]
Gold:   243        SH:  0    Dex: 15    Spells: 9/15 levels left

rFire   . . .      SeeInvis .   a - +1 dagger
rCold   . . .      Faith    .   (no shield)
rNeg    . . .      Spirit   +   b - +0 robe
rPois   .          Reflect  .   (no helmet)
rElec   .          Harm     .   (no cloak)
rCorr   .          Rampage  .   (no gloves)
Will    .....                   (no boots)
Stlth   +++.......              (no amulet)
HPRegen 0.92/turn               g - +6 ring of intelligence
MPRegen 0.14/turn               (no ring)

@: lethally poisoned (-2 -> -16)
A: fangs 2, regeneration 1, magic shield, antimagic bite, no potion heal 2
a: Renounce Religion


You were on level 5 of the Dungeon.
You worshipped Fedhas.
Fedhas was aware of your devotion.
You visited 1 branch of the dungeon, and saw 5 of its levels.

You collected 243 gold pieces.

Inventory:

Hand Weapons
 a - a +1 dagger (weapon)
 d - a +5 spear
Armour
 b - a +0 robe (worn)
 p - a +1 buckler
Jewellery
 g - a +6 ring of intelligence (left hand)
 v - a ring of willpower
 w - a ring of willpower
Wands
 y - a wand of flame (6)
Scrolls
 f - 2 scrolls of enchant armour
 h - a scroll of enchant weapon {unknown}
 i - 2 scrolls of amnesia
 j - 3 scrolls of magic mapping {unknown}
 l - a scroll of blinking {unknown}
 m - a scroll of noise {unknown}
 s - 5 scrolls of teleportation
Potions
 c - a potion of invisibility
 e - 2 potions of curing
 k - 2 potions of attraction {unknown}
 n - a potion of heal wounds {unknown}
 o - a potion of degeneration {unknown}
 q - a potion of resistance {unknown}
 r - a potion of lignification {unknown}
 t - a potion of mutation {unknown}
 u - a potion of flight {unknown}
 x - a potion of brilliance {unknown}


   Skills:
 + Level 3.0 Fighting
 + Level 3.0 Short Blades
 - Level 1.5 Dodging
 + Level 4.1 Stealth
 * Level 4.5 Spellcasting
 * Level 5.7 Hexes


You had 9 spell levels left.
You knew the following spells:

 Your Spells              Type           Power      Damage    Failure   Level
a - Tukima's Dance        Hex            31%        N/A       2%          3
b - Confusing Touch       Hex            31%        N/A       2%          3

Your spell library contained the following spells:

 Spells                   Type           Power      Damage    Failure   Level
 Ensorcelled Hibernation  Hex/Ice        36%        N/A       4%          2
 Dazzling Flash           Conj/Hex       36%        N/A       9%          3
 Portal Projectile        Hex/Tloc       36%        N/A       9%          3
 Apportation              Tloc           10%        N/A       10%         1
 Necrotise                Necr           20%        1d5       10%         1
 Summon Small Mammal      Summ           20%        N/A       10%         1
 Blink                    Tloc           10%        N/A       16%         2
 Poisonous Vapours        Pois/Air       10%        N/A       16%         2
 Call Canine Familiar     Summ           5%         N/A       30%         3
 Lesser Beckoning         Tloc           5%         N/A       30%         3
 Leda's Liquefaction      Hex/Erth       9%         N/A       30%         4
 Animate Dead             Necr           5%         N/A       69%         4
 Corpse Rot               Necr/Pois/Air  5%         N/A       69%         4
 Summon Lightning Spire   Summ/Air       5%         N/A       69%         4
 Borgnjor's Vile Clutch   Necr/Erth      2%         N/A       95%         5
 Manifold Assault         Tloc           5%         N/A       95%         5
 Death Channel            Necr           2%         N/A       100%        6
 Storm Form               Tmut/Air       2%         N/A       100%        7
 Maxwell's Capacitive Co  Air            2%         ∞         100%        8


Dungeon Overview and Level Annotations

Branches:
Dungeon (5/15)             Temple (0/1) D:5

Altars:
Dithmenos
Fedhas
Nemelex Xobeh

Shops:
D:1 :

Annotations:
D:4 1 runed translucent door, Crazy Yiuf


Innate Abilities, Weirdness & Mutations

You have extremely sharp teeth.
Your natural rate of healing is unusually fast.
When hurt, damage is shared between your health and your magic reserves.
Your bite disrupts and absorbs the magic of your enemies.
Potions cannot restore your health.


Message History

You start resting.
Magic restored.
You start resting.
HP restored.
You see here a +0 rapier.
An orc priest is nearby!
An orc comes into view.
It is wielding a +0 falchion and quivering boomerangs of dispersal.
Casting: Confusing Touch (dangerous; 2% risk of failure)
Confirm with . or Enter, or press ? or * to list all spells.
Aiming: Tukima's Dance (dangerous; 2% risk of failure)
Press: ? - help, Shift-Dir - straight line, f - orc
Aim: an orc, wielding a +0 falchion and quivering boomerangs of dispersal (wandering, hasn't noticed you, chance to affect: 76%)
The orc shouts!
The +0 falchion dances into the air!
The orc priest shouts!
The orc priest calls down the wrath of Beogh upon you.
Beogh smites you!
The orc throws a boomerang of dispersal.
The boomerang of dispersal barely misses you.
The water moccasin hisses angrily.
The water moccasin closely misses you. The water moccasin bites you!
You are poisoned.
The water moccasin poisons you!
You feel very sick. The water moccasin bites you.
You are more poisoned.
The water moccasin poisons you!
You feel very sick. The water moccasin bites you!
You are lethally poisoned!
The water moccasin poisons you!
* * * LOW HITPOINT WARNING * * *
You feel extremely sick.
The water moccasin bites you but does no damage.
* * * LOW HITPOINT WARNING * * *
You feel very sick.
The water moccasin attacks as you move away!
The water moccasin barely misses you.
You die...
Fedhas appreciates your contribution to the ecosystem.

...........#..##.#
#...# ##.###
########.#.#..##.#
#...# ##.#. #.........#
#...# ##.# #######.####
#...# ###
#..........#####...# #
#.######...#...##.## .
#.#
####.S......#.#########
#..####.#
#....)........##.......
o.......#
#.....@.......#.>.####.
#.#######
#............#.....# #.
####...........>...###.
#...#...#.......##..
#...#####..#...#....
#.#........#####....
###.########.### #....
#.....# #.....# ##...
#.....# #.....# #†##


You could see a water moccasin.

Vanquished Creatures
  A steam dragon (D:5)
  An ogre (D:5)
  A phantom (D:4)
  2 scorpions (D:4)
  A jelly (D:4)
  3 iguanas
  3 gnolls
  7 adders
  An ufetubus (D:4)
  A worm (D:3)
  2 dart slugs
  5 orcs
  6 ball pythons
  10 bats
  8 endoplasms
  4 giant cockroaches
  9 goblins
  5 hobgoblins
  4 jackals (D:2)
  5 quokkas
  6 frilled lizards
  11 kobolds
  5 rats
101 creatures vanquished.

Vanquished Creatures (collateral kills)
  A gnoll (D:2)
1 creature vanquished.

Vanquished Creatures (others)
  A dancing weapon (D:5)
  A demonic plant (D:1)
  A fungus (D:1)
  4 withered plants (D:1)
7 creatures vanquished.

Grand Total: 109 creatures vanquished

Notes
Turn   | Place    | Note
-------+----------+-------------------------------------------
     0 | D:1      | 4FPSwarrior the Vine Stalker Enchanter began the quest for
                  | the Orb.
     0 | D:1      | Reached XP level 1. HP: 9/9 MP: 4/4
    34 | D:1      | Reached skill level 1 in Short Blades
   348 | D:1      | Reached XP level 2. HP: 9/14 MP: 6/6
   728 | D:1      | Found a faded altar of an unknown god.
  1290 | D:1      | Reached XP level 3. HP: 17/17 MP: 7/7
  1300 | D:1      | Learned a level 3 spell: Confusing Touch
  1304 | D:1      | Learned a level 3 spell: Tukima's Dance
  1316 | D:1      | Found Wuess's Book Emporium.
  1741 | D:1      | Reached skill level 1 in Fighting
  1794 | D:2      | Found a sparkling altar of Nemelex Xobeh.
  2450 | D:2      | Gained mutation: Your natural rate of healing is unusually
                  | fast. [Vine Stalker growth]
  2450 | D:2      | Reached XP level 4. HP: 12/22 MP: 6/8
  3000 | D:2      | Reached skill level 4 in Hexes
  3759 | D:3      | Found a shadowy altar of Dithmenos.
  3799 | D:3      | Found a blossoming altar of Fedhas.
  3806 | D:3      | Became a worshipper of Fedhas Madash
  4318 | D:4      | Noticed a scorpion
  4407 | D:4      | Noticed a phantom
  4451 | D:4      | Found a runed translucent door.
  4452 | D:4      | Noticed Crazy Yiuf
  4476 | D:4      | Reached XP level 5. HP: 25/25 MP: 10/10
  4853 | D:4      | Reached XP level 6. HP: 9/30 MP: 3/11
  5390 | D:4      | Reached skill level 5 in Hexes
  5727 | D:5      | Entered Level 5 of the Dungeon
  5838 | D:5      | Reached XP level 7. HP: 35/35 MP: 12/14
  5883 | D:5      | Noticed a steam dragon
  5969 | D:5      | Reached * piety under Fedhas
  6283 | D:5      | Found a staircase to the Ecumenical Temple.
  7269 | D:5      | Killed a steam dragon
  7318 | D:5      | Succumbed to a water moccasin's poison

Illustrated notes

Levels and vault maps discovered:
D:1:      dpeg_arrival_boxes_within_box, layout_basic,
          shapermc_ecumenical_altar_gd, serial_shops, shop
D:2:      minmay_chambers_of_twos, layout_loops_corners, basic_altar,
          grunt_decor_fettered
D:3:      layout_loops_corners, overflow_temple_1_default,
          mainiacjoe_overflow_six_doors_small
D:4:      layout_layer_cave, uniq_crazy_yiuf_cottage
D:5:      layout_loops_cross, minmay_temple_entry_enclosed_plants, minivault_26,
          kennysheep_generic_room_6

Skill      XL: |  1  2  3  4  5  6  7 |
---------------+----------------------+-----
Short Blades   | 1 2 3 |  3.0
Fighting       | 1 2 3 |  3.0
Hexes          | 4 5 |  5.7
Spellcasting   | 3 4 |  4.5
Stealth        | 4 |  4.1
Dodging        | |  1.5

Action                   |  1- 3 |  4- 6 |  7- 9 || total
-------------------------+-------+-------+-------++-------
Melee: Dagger            |   120 |   169 |    63 ||   352
       Bite              |    26 |    49 |    20 ||    95
       Punch             |     1 |     2 |     1 ||     4
 Cast: Confusing Touch   |     1 |    13 |    12 ||    26
       Tukima's Dance    |       |     2 |    11 ||    13
  Use: Scroll            |       |     4 |       ||     4
       Potion            |       |       |     1 ||     1
 Stab: Sleeping          |    12 |    11 |     1 ||    24
       Confused          |       |     7 |     3 ||    10
       Distracted        |       |     1 |     1 ||     2
Armor: Robe              |    18 |    24 |     7 ||    49
Dodge: Dodged            |    55 |    57 |    50 ||   162
